 Dungeon Crawl Stone Soup version 0.30-b1-2-g02819fbbbe (webtiles) character file.

Game seed: 5330560270508467741

61256 Dirian the Severer (level 14, -50/207 HPs)
             Began as a Minotaur Berserker on May 18, 2023.
             Was the Champion of Trog.
             Annihilated by Rupert
             ... wielding a +3 heavy great mace
              (54 damage)
             ... on level 2 of the Orcish Mines.
             The game lasted 00:23:18 (17395 turns).

Dirian the Severer (Minotaur Berserker)            Turns: 17395, Time: 00:23:19

Health: -50/207    AC: 20    Str: 32    XL:     14   Next: 59%
Magic:  13/13      EV: 10    Int:  4    God:    Trog [******]
Gold:   1438       SH: 12    Dex: 11    Spells: 13/13 levels left

rFire   . . .        a - +7 broad axe (flame)
rCold   . . .        L - +0 buckler
rNeg    . . .        y - +0 chain mail
rPois   .            N - +2 hat
rElec   .            u - +2 cloak {Stlth+}
rCorr   .            e - +0 pair of gloves
SInv    +            (no boots)
Will    +....        B - amulet of reflection Stlth
                     s - +6 ring of strength
HPRegen 0.54/turn    M - ring of see invisible
MPRegen 0.13/turn

%: reflection
@: berserking (expiring), marked, very quick
A: horns 2, retaliatory headbutt
a: Renounce Religion, Berserk, Trog's Hand, Brothers in Arms


You were on level 2 of the Orcish Mines.
You worshipped Trog.
Trog was exalted by your worship.
You visited 3 branches of the dungeon, and saw 19 of its levels.
You also visited: Sewer.

You collected 1438 gold pieces.

Inventory:

Hand Weapons
 a - a +7 broad axe of flaming (weapon)
 J - a +0 broad axe
 R - a +2 executioner's axe
Missiles
 A - a throwing net (quivered)
Armour
 e - a +0 pair of gloves (worn)
 u - a +2 cloak of stealth (worn)
 y - a +0 chain mail (worn)
 L - a +0 buckler (worn)
 N - a +2 hat (worn)
Jewellery
 i - an amulet of regeneration
 o - a ring of ice
 s - a +6 ring of strength (left hand)
 v - a ring of fire
 B - an amulet of reflection (around neck)
 M - a ring of see invisible (right hand)
Wands
 g - a wand of polymorph (10)
 j - a wand of mindburst (19)
 m - a wand of iceblast (7)
 C - a wand of acid (16)
 F - a wand of flame (41)
 K - a wand of paralysis (7)
Scrolls
 c - 2 scrolls of fog
 f - a scroll of poison
 r - 7 scrolls of identify
 t - 2 scrolls of teleportation
 x - 2 scrolls of immolation
 z - a scroll of blinking
 D - a scroll of brand weapon
 H - a scroll of magic mapping
 I - 2 scrolls of fear
 O - a scroll of summoning
 Q - 2 scrolls of enchant armour
 S - a scroll of silence
Potions
 b - 10 potions of ambrosia
 d - 3 potions of might
 h - 7 potions of haste
 k - a potion of berserk rage
 l - 6 potions of attraction
 n - 3 potions of resistance
 p - 5 potions of flight
 q - 13 potions of curing
 w - 9 potions of heal wounds
 E - 4 potions of lignification
 G - a potion of magic
 P - a potion of mutation
 T - 3 potions of cancellation
Miscellaneous
 U - a phantom mirror


   Skills:
 + Level 16.6 Fighting
 - Level 19.1 Axes
 + Level 14.5 Armour
 - Level 2.1 Dodging
 * Level 12.5 Shields
 * Level 6.7 Evocations


You had 13 spell levels left.
You didn't know any spells.
Your spell library was empty.

Dungeon Overview and Level Annotations

Branches:
Dungeon (12/15) Zot: 26179  Temple (0/1) D:5            Lair (5/5) D:9 Zot: 23899
  Swamp (0/4) Lair:2        Snake (0/4) Lair:2        Slime (0/5) Lair:4
    Orc (2/2) D:9 Zot: 11858     Elf (0/3) Orc:2         Sewer (visited)

Altars:
Cheibriados
Elyvilon
Gozag
Hepliaklqana
Makhleb
Nemelex Xobeh
Okawaru
Qazlal
Sif Muna
Trog
Uskayaw
Xom
Yredelemnul
The Shining One

Shops:
D:3 !   D:6 *   D:8 ?   Orc:1 *

Portals:
Hell: Lair:5

Annotations:
Orc:2 Rupert


Innate Abilities, Weirdness & Mutations

You have a pair of horns on your head.
You reflexively headbutt those who attack you in melee.


Message History

Rupert goes berserk!
The orc warrior shoots a bolt.
The bolt completely misses you.
The bolt hits the orc priest!
You closely miss the orc wizard. You slash the ogre! You burn the ogre.
You barely miss the orc priest.
You slice the orc priest like a ripe choko!!!
You burn the orc priest.
You kill the orc priest!
Trog accepts your kill.
You slice the orc wizard!! You burn the orc wizard.
You kill the orc wizard!
Trog accepts your kill.
Trog appreciates your killing of a magic user.
You slash the ogre! You burn the ogre.
You feel the power of Trog in you as your rage grows.
You kill the ogre!
Trog accepts your kill.
An ogre comes into view. It is wielding a +0 giant club.
A two-headed ogre comes into view. It is wielding two +0 giant clubs.
You slash Rupert! You burn Rupert.
Rupert is lightly wounded.
You completely miss the two-headed ogre.
Rupert hits you with a +3 heavy great mace!!!
* * * LOW HITPOINT WARNING * * *
You slash Rupert! You burn Rupert! You headbutt Rupert!
Rupert is moderately wounded.
You slash the orc warrior! You burn the orc warrior.
You slice the two-headed ogre!! You burn the two-headed ogre!
The two-headed ogre completely misses you.
The two-headed ogre hits you with a +0 giant club.
* * * LOW HITPOINT WARNING * * *
You slice Rupert!! You burn Rupert. You headbutt Rupert!
Rupert is heavily wounded.
You slash the orc warrior! You burn the orc warrior.
You slice the two-headed ogre!! You burn the two-headed ogre!
You kill the two-headed ogre!
Trog accepts your kill.
The orc warrior unwields a +0 arbalest.
The orc warrior wields a +0 war axe.
You block the orc warrior's attack.
Rupert hits you with a +3 heavy great mace!!!
You die...

#....)))).........,,,,,,*,,,
#.....)))..........,,,,,,,,*
##..#..............,,*,,,,,,
*#.......#.........,,,,,,,,,
#..................,,,,,,,,,
#..................,*,,,,,,,
#........))........,,,,,,,,,
##......))))o......,,,,,,,,,
*#........)@@......,,,,,,,,,
*...>......))......**,,,,*,*
*..........O....O..,,,,,,***
**............O..O.,,,,,,,,,
*#................,,,,,,,,,
**................#*******,,
*,,............O.##**,,,,,,,
*,,,.............#*,,,,,,,,,
*,,,,,,,,,,,,,,,,*,,,,,,,,,,


You could see Rupert (berserk), 3 two-headed ogres, an orc warrior (strong) and
2 ogres.

Vanquished Creatures
  Erica (D:11)
  5 hydras (Lair:5)
  A catoblepas (Lair:5)
  7 death yaks
  3 two-headed ogres (Orc:2)
  A boulder beetle (Lair:5)
  Sonja (D:11)
  A skyshark (Lair:5)
  A sun demon (Lair:5)
  Lodul (D:10)
  2 bog bodies (Lair:2)
  A wizard (Lair:5)
  An oklob plant (Lair:5)
  2 orc knights (Orc:2)
  An orc sorcerer (Orc:2)
  2 cyclopes (D:11)
  Maurice (D:9)
  An elephant (Lair:5)
  2 orange demons (Lair:5)
  A smoke demon (Lair:5)
  6 black mambas
  Maggie (D:6)
  A gargoyle (D:11)
  13 cane toads
  2 torpor snails
  2 unseen horrors
  4 rime drakes
  A freezing wraith (D:11)
  7 komodo dragons
  2 ice devils (Lair:5)
  A red devil (Lair:5)
  A queen bee (Lair:2)
  5 trolls
  A queen bee (shapeshifter) (D:11)
  3 hornets
  19 blink frogs
  5 dream sheep
  2 polar bears (Lair:5)
  Sigmund (D:2)
  8 slime creatures
  A spriggan (D:12)
  2 vampires
  A shadow (D:9)
  2 wraiths
  6 wyverns
  A steam dragon (Lair:3)
  66 yaks
  2 vampire mosquitoes
  Menkaure (D:4)
  5 basilisks
  A swamp worm (Lair:2)
  3 nagas (Lair:2)
  3 acid dragons
  15 water moccasins
  5 hell hounds (Lair:5)
  Duvessa (D:6)
  2 ice beasts
  7 orc warriors
  4 black bears
  12 ogres
  14 wolves
  4 centaurs
  A phantom (D:4)
  4 kobold brigands
  5 bullfrogs
  2 gnoll sergeants
  4 scorpions
  22 wights
  Dowan (D:6)
  35 killer bees
  3 howler monkeys
  An electric eel (Lair:2)
  8 hounds
  6 orc priests
  Crazy Yiuf (D:3)
  4 jellies
  3 sleepcaps
  4 iguanas
  13 orc wizards
  7 gnolls
  12 adders
  A shadow imp (D:5)
  2 white imps
  2 ufetubi
  5 worms
  3 dart slugs
  48 orcs
  12 endoplasms
  10 giant cockroaches
  8 hobgoblins
  5 jackals
  2 quokkas
  12 ball pythons
  11 bats
  7 frilled lizards
  7 goblins
  A goblin skeleton (D:4)
  3 goblin zombies (D:4)
  7 hobgoblin zombies (D:4)
  46 kobolds
  2 kobold skeletons (D:4)
  An orc skeleton (D:4)
  11 rats
  A fungus (Lair:5)
622 creatures vanquished.

Vanquished Creatures (others)
  9 fungi
  25 plants
34 creatures vanquished.

Grand Total: 656 creatures vanquished

Notes
Turn   | Place    | Note
-------+----------+-------------------------------------------
     0 | D:1      | Dirian the Minotaur Berserker began the quest for the Orb.
     0 | D:1      | Reached XP level 1. HP: 19/19 MP: 0/0
   256 | D:1      | Reached skill level 4 in Axes
   256 | D:1      | Reached XP level 2. HP: 27/27 MP: 1/1
  1031 | D:2      | Noticed Sigmund
  1040 | D:2      | Killed Sigmund
  1041 | D:2      | Reached skill level 5 in Axes
  1041 | D:2      | Reached XP level 3. HP: 35/35 MP: 2/2
  1041 | D:2      | Reached XP level 4. HP: 41/41 MP: 3/3
  1041 | D:2      | Reached XP level 5. HP: 47/47 MP: 4/4
  1685 | D:2      | Reached ** piety under Trog
  1881 | D:2      | Reached skill level 5 in Fighting
  2192 | D:3      | Found a faded altar of an unknown god.
  2336 | D:3      | Reached XP level 6. HP: 53/56 MP: 5/5
  2341 | D:3      | Found Gopiz's Distillery.
  2412 | D:3      | Reached skill level 6 in Axes
  2606 | D:3      | Found a runed translucent door.
  2607 | D:3      | Noticed Crazy Yiuf
  2759 | D:3      | Killed Crazy Yiuf
  2760 | D:3      | Reached skill level 5 in Armour
  2909 | D:4      | Found a glowing drain.
  2912 | D:4      | Found a snail-covered altar of Cheibriados.
  2928 | Sewer    | Entered a sewer
  2960 | Sewer    | Reached *** piety under Trog
  3043 | Sewer    | Found a viscous altar of Jiyva.
  3163 | D:4      | Reached XP level 7. HP: 49/61 MP: 6/6
  3170 | D:4      | Reached skill level 7 in Axes
  3191 | D:4      | Noticed Menkaure
  3202 | D:4      | Killed Menkaure
  3212 | D:4      | Reached **** piety under Trog
  3218 | D:4      | Found a glowing golden altar of the Shining One.
  3506 | D:4      | Reached skill level 8 in Axes
  3704 | D:4      | Found a white marble altar of Elyvilon.
  3713 | D:4      | Reached XP level 8. HP: 68/70 MP: 7/7
  3937 | D:5      | Entered Level 5 of the Dungeon
  4007 | D:5      | Found an iron altar of Okawaru.
  4084 | D:5      | Found a basalt altar of Yredelemnul.
  4117 | D:5      | Found an opulent altar of Gozag.
  4172 | D:5      | Found a staircase to the Ecumenical Temple.
  4186 | D:5      | Reached skill level 9 in Axes
  4333 | D:5      | Reached ***** piety under Trog
  5052 | D:6      | Noticed Maggie
  5060 | D:6      | Killed Maggie
  5061 | D:6      | Reached skill level 10 in Axes
  5247 | D:6      | Found a shimmering altar of Xom.
  5303 | D:6      | Found Roti's Elemental Accessories.
  5406 | D:6      | Reached XP level 9. HP: 44/79 MP: 8/8
  5765 | D:6      | Noticed Duvessa
  5766 | D:6      | Noticed Dowan
  5779 | D:6      | Killed Duvessa
  5785 | D:6      | Killed Dowan
  5786 | D:6      | Reached skill level 11 in Axes
  6465 | D:7      | Received a gift from Trog
  6614 | D:7      | Reached skill level 12 in Axes
  6994 | D:8      | Found a stormy altar of Qazlal.
  7013 | D:8      | Found Rikhai's Magic Scroll Shoppe.
  7087 | D:8      | Reached XP level 10. HP: 79/89 MP: 9/9
  7226 | D:8      | Reached skill level 13 in Axes
  7659 | D:9      | Found a staircase to the Lair.
  7790 | D:9      | Reached skill level 10 in Armour
  7794 | D:9      | Reached skill level 14 in Axes
  7822 | D:9      | Received a gift from Trog
  7855 | D:9      | Found a sparkling altar of Nemelex Xobeh.
  7945 | D:9      | Found a bloodstained altar of Trog.
  7975 | D:9      | Found a hazy altar of Hepliaklqana.
  8100 | D:9      | Noticed Maurice
  8109 | D:9      | Killed Maurice
  8110 | D:9      | Reached skill level 10 in Fighting
  8110 | D:9      | Reached skill level 15 in Axes
  8115 | D:9      | Found a shimmering blue altar of Sif Muna.
  8126 | D:9      | Found a hide-covered altar of Uskayaw.
  8383 | D:9      | Found a staircase to the Orcish Mines.
  8489 | D:10     | Entered Level 10 of the Dungeon
  8527 | D:10     | Reached skill level 16 in Axes
  8571 | D:10     | Reached XP level 11. HP: 100/101 MP: 10/10
  8990 | D:10     | Noticed Lodul
  9001 | D:10     | Killed Lodul
  9007 | D:10     | Reached skill level 17 in Axes
  9365 | D:11     | Noticed Sonja
  9370 | D:11     | Killed Sonja
  9479 | D:11     | Noticed Erica
  9485 | D:11     | Killed Erica
  9557 | D:11     | Reached skill level 18 in Axes
  9689 | D:11     | Reached skill level 19 in Axes
 10376 | D:12     | Reached skill level 1 in Shields
 10379 | D:12     | Reached XP level 12. HP: 107/112 MP: 11/11
 10380 | D:12     | Reached skill level 1 in Evocations
 10978 | Lair:1   | Entered Level 1 of the Lair of Beasts
 11760 | Lair:1   | Received a gift from Trog
 12322 | Lair:2   | Reached skill level 5 in Shields
 12396 | Lair:2   | Found a staircase to the Snake Pit.
 12883 | Lair:2   | Reached XP level 13. HP: 105/124 MP: 12/12
 13284 | Lair:2   | Found a staircase to the Swamp.
 13817 | Lair:3   | Received a gift from Trog
 14457 | Lair:4   | Reached skill level 5 in Evocations
 14694 | Lair:4   | Found a staircase to the Slime Pits.
 14726 | Lair:4   | Reached skill level 15 in Fighting
 15225 | Lair:5   | Entered Level 5 of the Lair of Beasts
 15289 | Lair:5   | Reached skill level 10 in Shields
 15373 | Lair:5   | Reached ****** piety under Trog
 15614 | Lair:5   | Reached XP level 14. HP: 118/136 MP: 13/13
 16025 | Lair:5   | Received a gift from Trog
 16870 | Lair:5   | Found a burning altar of Makhleb.
 17048 | Lair:5   | Found a gateway to Hell.
 17233 | Orc:1    | Entered Level 1 of the Orcish Mines
 17271 | Orc:1    | Found Batul's Assorted Antiques.
 17344 | Orc:2    | Entered Level 2 of the Orcish Mines
 17364 | Orc:2    | Received a gift from Trog
 17367 | Orc:2    | Found a staircase to the Elven Halls.
 17383 | Orc:2    | Noticed Rupert
 17393 | Orc:2    | HP: 5/207 [Rupert/+3 heavy great mace (56)]
 17395 | Orc:2    | Annihilated by Rupert

Illustrated notes

Levels and vault maps discovered:
D:1:      heliophobic_arrival_glass_houses, layout_basic
D:2:      minmay_general_purpose_star, layout_loops_corners,
          serial_bayou_pond_a, minivault_4, minmay_rat_gold_closets,
          uniq_sigmund
D:3:      layout_rooms, serial_shops, nicolae_diamond_shop,
          dreamdust_ecumenical_altar_grove, serial_rivers,
          chequers_serial_rivers_small_b, chequers_serial_rivers_micro_e,
          chequers_serial_rivers_micro_a, chequers_serial_rivers_micro_a,
          chequers_serial_rivers_room_b, chequers_serial_rivers_micro_d,
          uniq_crazy_yiuf_cottage
D:4:      layout_basic, kennysheep_mini, nicolae_tso_besieged_by_evil,
          marbit_many_paths, cheibrodos_sewer_entry_sluice,
          chequers_serial_rivers_micro_d, minmay_bisected, uniq_menkaure
D:5:      kennysheep_kobold_camp, layout_rooms, okawaru_ov_weapons_minmay,
          mainiacjoe_overflow_surrounded_room, grunt_gozag_statues,
          minmay_temple_entry_gardened_gates, serial_corexii_hall,
          corexii_hall_statues_x, corexii_hall_statues_i,
          corexii_hall_statues_x, chequers_hall_statues_y
D:6:      layout_basic, xom_teletrap_fun, nicolae_hexahallways,
          nicolae_elemental_shop, uniq_maggie, uniq_duvessa
D:7:      layout_rooms, chequers_arboretum
D:8:      layout_rooms, mainiacjoe_overflow_alcove_1, serial_shops, shop,
          minmay_manual_mullet
D:9:      layout_basic, mainiacjoe_overflow_small_starburst,
          nicolae_uskayaw_dance_hall, nemelex_xobeh_ov_fountains_minmay,
          mainiacjoe_overflow_two_lobes, hiddenorc1_lemuel, dk_noncrumbling_4,
          uniq_maurice
D:10:     layout_basic, uniq_lodul
D:11:     layout_gridville, minmay_pinched_square, uniq_sonja, uniq_erica
D:12:     layout_basic, the_hattery
Lair:1:   layout_layer_cave
Lair:2:   layout_cave_shapes, nicolae_swamp_entry_splash_gauntlet,
          nicolae_snake_entry_squirm, special_room [special_room_bee],
          dreamdust_mushroom_princess, grunt_megastairs_2
Lair:3:   layout_regular_city, grunt_megastairs_5
Lair:4:   layout_big_grid, slime_entry_1, infiniplex_staircase_pool_2
Lair:5:   evil_forest, layout_gridlike, grunt_megastairs_4,
          infiniplex_staircase_pool
Orc:1:    layout_caves, lightli_volcano_entry_magma_tube, serial_shops, shop,
          shop
Orc:2:    st_orc_ogre_mass, layout_caves, uniq_rupert

Skill      XL: |  1  2  3  4  5  6  7  8  9 10 11 12 13 14 |
---------------+-------------------------------------------+-----
Axes           | 4 5 6 8 10 12 16 19 | 19.1
Fighting       | 4 5 6 7 8 10 12 14 15 16 | 16.6
Armour         | 4 5 7 9 10 11 13 14 | 14.5
Shields        | 1 6 10 12 | 12.5
Evocations     | 4 5 6 |  6.7
Dodging        | |  2.1

Action                     |  1- 3 |  4- 6 |  7- 9 | 10-12 | 13-15 || total
---------------------------+-------+-------+-------+-------+-------++-------
  Melee: Hand axe          |    41 |   195 |   265 |       |       ||   501
         Headbutt          |     4 |    24 |    56 |    64 |    84 ||   232
         Punch             |       |     2 |     7 |       |       ||     9
         Battleaxe         |       |       |    40 |   210 |       ||   250
         Broad axe         |       |       |       |   200 |   366 ||   566
 Invoke: Berserk           |     1 |     1 |     2 |     2 |     2 ||     8
         Trog's Hand       |       |       |       |     4 |     1 ||     5
    Use: Scroll            |       |       |    20 |    13 |     2 ||    35
   Stab: Sleeping          |       |     1 |     1 |       |       ||     2
         Distracted        |       |       |       |       |     1 ||     1
 Armour: Ring mail         |     9 |    74 |    68 |       |       ||   151
         Animal skin       |     2 |       |       |       |       ||     2
         Chain mail        |       |       |    93 |   187 |   110 ||   390
  Dodge: Dodged            |    22 |    94 |   137 |   150 |   112 ||   515
  Block: Buckler           |       |       |       |    71 |   165 ||   236
         Reflection        |       |       |       |       |     2 ||     2
